AoeStats
← Huggieg

MegaRandom

508895132Analyzed
4v4 RM · 9d ago on Sep 24, 2026· 21m 16s· 8 players
Game mode
Random Map
Map size
Large (8 player)
Population
200
Speed
Normal
Resources
Standard
Victory
Conquest
Starting age
Dark Age
Ending age
Imperial Age
RankedLock teamsTeams togetherTeam positionsShared explorationLock speedFull tech treeHidden civsTurbo modeCheats
Victory
Defeat
🇬🇧 Koreans · United Kingdom
1574
+10
🇧🇪 Italians · Belgium
1514
+12
🇺🇸 Franks · United States
1508
+12
🇬🇧 Muisca · United Kingdom
1439
+15
🇮🇹 Georgians · Italy
1447
-13
🇦🇷 Bohemians · Argentina
1431
-12
🇨🇳 Turks · China
1420
-12
🇫🇷 Persians · France
1417
-12
GdR_Tuna
7:41 Loom
9:51 Feudal Age
10:31 Double-Bit Axe
19:04 Castle Age
18:03 Bloodlines
19:44 Scale Barding Armor
20:15 Husbandry
JOK3R_LSR
0:34 Loom
5:00 Loom
9:44 Feudal Age
10:20 Double-Bit Axe
18:02 Scale Barding Armor
[BadStart] The Shadow
0:32 Loom
9:44 Feudal Age
10:11 Double-Bit Axe
13:53 Fletching
22:20 Castle Age
20:38 Horse Collar
卫星点灯
10:22 Feudal Age
11:09 Double-Bit Axe
13:57 Horse Collar
16:57 Bloodlines
19:38 Scale Barding Armor
[TSU] CJ the Strategos
0:36 Loom
12:11 Feudal Age
15:36 Double-Bit Axe
17:41 Forging
20:14 Wheelbarrow
[TSU] Red Cansky
0:37 Loom
10:21 Feudal Age
14:14 Fletching
14:43 Double-Bit Axe
18:45 Horse Collar
Huggieg
0:39 Loom
11:27 Feudal Age
16:24 Fletching
[TSU] Midu
0:39 Loom
9:22 Feudal Age
9:48 Double-Bit Axe
15:19 Fletching
Connection lost

Rejoining the realm…

Still unreachable

The connection could not be restored.

Session expired

The server has moved on; the page needs a fresh start.